Map: Dusk Towers

Players

Botvinnik

  • Race: Terran Terran
  • League: Master

Welmu - Winner!

  • Race: Protoss Protoss
  • League: Grandmaster

Event: DreamHack ZOWIE Open Leipzig

VOD

Have the link to the VOD?

Description

Time

  • Played on: Jan. 22, 2016, 8:45 a.m.
  • Length: 14:45

All games in this series

Show
View Real Time Build Order
Export as new Build Order

Botvinnik Terran 

Build Orders: MMM Bio 

Get SALT Encoding   

  12  0:01  SCV  
  13  0:13  SCV  
  14  0:18  Supply Depot  
  14  0:25  SCV  
  15  0:39  SCV  
  15  0:40  Barracks  
  16  0:51  SCV  
  17  1:03  SCV  
  18  1:13  Command Center  
  18  1:17  SCV  
  19  1:27  Marine  
  19  1:29  Orbital Command  
  20  1:34  Refinery  
  20  1:43  Supply Depot  
  20  1:45  Marine  
  21  1:55  SCV  
  22  2:02  Marine  
  23  2:10  SCV  
  24  2:22  SCV  
  25  2:23  Marine  
  25  2:26  Refinery, Orbital Command  
  26  2:35  SCV  
  27  2:42  Barracks Reactor  
  27  2:52  SCV  
  27  2:55  SCV  
  27  2:57  Factory  
  29  3:04  SCV  
  30  3:07  SCV  
  31  3:16  SCV  
  31  3:19  SCV, Marine x2  
  34  3:21  Command Center  
  35  3:28  SCV  
  35  3:31  SCV  
  37  3:36  Supply Depot  
  37  3:39  Marine x2  
  37  3:40  SCV  
  39  3:42  Factory Tech Lab  
  39  3:43  SCV  
  40  3:52  SCV  
  42  3:55  SCV  
  42  3:58  Marine x2  
  42  4:00  Cyclone  
  47  4:04  SCV  
  47  4:07  SCV  
  49  4:13  Bunker x2  
  49  4:14  Barracks x2  
  49  4:16  Marine  
  49  4:17  Marine  
  51  4:24  SCV  
  51  4:27  SCV  
  51  4:29  Supply Depot  
  53  4:32  Siege Tank  
  53  4:36  SCV, Marine x2  
  55  4:47  Orbital Command  
  55  4:48  SCV  
  50  4:53  Marine x2  
  50  5:05  Siege Tank  
  50  5:06  SCV  
  50  5:07  SCV  
  52  5:14  Marine x2  
  52  5:16  Marine  
  52  5:20  SCV  
  55  5:28  Barracks Tech Lab  
  55  5:34  Marine x2  
  57  5:37  Cyclone  
  57  5:42  SCV x2  
  62  5:44  Supply Depot  
  62  5:46  Engineering Bay  
  62  5:48  SCV  
  62  5:51  Barracks Tech Lab, Stimpack, Marauder  
  62  5:53  Marine x2  
  62  5:54  SCV  
  66  5:57  SCV  
  66  6:00  SCV  
  61  6:11  Marine x2  
  61  6:16  Supply Depot  
  61  6:17  Marine x2  
  65  6:23  SCV x2  
  67  6:32  Marine x2  
  66  6:38  SCV x2  
  70  6:41  Supply Depot, Siege Tank, Marauder  
  70  6:42  Marauder  
  70  6:45  Supply Depot  
  76  6:50  Marine  
  77  6:57  Supply Depot x2, Combat Shields  
  77  7:02  Marine  
  77  7:06  SCV x2  
  77  7:07  Marine x2  
  80  7:11  Barracks  
  79  7:16  Engineering Bay  
  79  7:17  Refinery, Engineering Bay  
  79  7:18  SCV  
  79  7:20  SCV  
  79  7:30  SCV, Marine x2  
  79  7:32  SCV  
  79  7:36  Orbital Command  
  81  7:39  Refinery  
  81  7:43  SCV  
  82  7:44  SCV  
  82  7:46  Terran Infantry Weapons Level 1, Terran Infantry Armor Level 1  
  82  7:50  Factory Reactor  
  83  7:52  Barracks Reactor  
  83  7:55  SCV  
  83  7:56  Supply Depot, SCV  
  85  8:01  Missile Turret x2  
  85  8:07  SCV  
  85  8:08  SCV x2  
  88  8:19  SCV  
  89  8:23  SCV  
  90  8:28  Widow Mine  
  90  8:29  Marine  
  90  8:31  Barracks  
  90  8:34  Supply Depot x2, Marine x4, Missile Turret, Widow Mine  
  93  8:35  SCV  
  93  8:36  Orbital Command  
  93  8:37  Supply Depot  
  93  8:38  Missile Turret  
  101  8:44  Supply Depot  
  100  8:57  SCV x2  
  97  9:09  SCV x2  
  88  9:17  Missile Turret  
  88  9:19  Missile Turret  
  81  9:32  Starport  
  78  9:40  Marine x2  
  78  9:41  Marauder x3  
  78  9:43  SCV x3  
  89  9:45  Barracks Reactor  
  89  9:46  Factory Reactor  
  89  9:55  SCV x2  
  89  9:57  SCV  
  92  10:00  Starport  
  92  10:08  SCV x2  
  92  10:09  SCV  
  92  10:11  Medivac x2  
  99  10:14  Refinery  
  99  10:16  Refinery  
  99  10:17  Supply Depot  
  99  10:18  Supply Depot  
  99  10:20  SCV x2  
  101  10:21  SCV  
  101  10:22  Marine x3, Marauder x3  
  101  10:23  Marine  
  112  10:32  SCV x2  
  112  10:33  SCV  
  114  10:41  Medivac x2  
  118  10:44  SCV, Medivac  
  118  10:45  Medivac  
  118  10:46  Marine x4  
  118  10:49  Marauder x3  
  133  10:50  Ghost Academy  
  133  10:57  Command Center  
  133  11:09  Liberator x2, Marine x4  
  133  11:11  Marauder x3  
  143  11:14  Supply Depot  
  143  11:15  Supply Depot  
  143  11:17  Supply Depot  
  96  11:18  Liberator x2  
  141  11:32  Supply Depot  
  153  11:52  Liberator x2  
  149  11:57  Marauder x3, Marine x4  
  149  12:01  Liberator x2  
  148  12:20  Marauder  
  148  12:21  Marauder, Marine  
  148  12:22  Marine x2  
  152  12:27  Marauder, Marine  
  141  12:39  Marine  
  141  12:40  Marine  
  141  12:42  Marine  
  141  12:43  SCV, Marauder x2  
  146  12:45  Marine  
  141  12:54  SCV x2  
  140  13:01  Medivac x2  
  140  13:02  Medivac x2  
  121  13:16  SCV x2  
  123  13:20  Refinery  
  123  13:25  Missile Turret  
  123  13:27  Missile Turret  
  123  13:30  Marauder x3, Marine x4  
  133  13:35  SCV x2  
  133  13:36  Armory, Planetary Fortress  
  126  13:50  Orbital Command  
  126  13:51  Marauder x3  
  106  13:56  Marine  
  106  13:57  Marine x3  
  88  14:10  SCV x2  
  88  14:13  Marauder x3  
  88  14:14  Marine x2  
  88  14:16  SCV  
  91  14:33  SCV  
Show
View Real Time Build Order
Export as new Build Order

Welmu Protoss - Winner!

Build Orders: 1 Gate Expand, Mass Adepts 

Get SALT Encoding   

  12  0:01  Probe (Chrono Boost)  
  13  0:11  Probe (Chrono Boost)  
  14  0:18  Pylon  
  14  0:22  Probe (Chrono Boost)  
  15  0:36  Gateway, Probe (Chrono Boost)  
  15  0:42  Assimilator  
  16  0:47  Probe (Chrono Boost)  
  17  0:57  Probe (Chrono Boost)  
  18  1:08  Probe (Chrono Boost)  
  19  1:20  Nexus  
  19  1:32  Cybernetics Core, Probe (Chrono Boost)  
  20  1:40  Assimilator  
  20  1:42  Probe (Chrono Boost)  
  21  1:53  Probe (Chrono Boost)  
  22  1:56  Pylon  
  22  2:03  Probe (Chrono Boost)  
  23  2:09  Warp Gate (Chrono Boost)  
  23  2:14  Probe, Adept (Chrono Boost)  
  26  2:22  Robotics Facility  
  26  2:26  Probe (Chrono Boost)  
  27  2:31  Probe (Chrono Boost)  
  28  2:37  Probe (Chrono Boost)  
  28  2:41  Adept  
  28  2:42  Probe (Chrono Boost)  
  32  2:48  Probe (Chrono Boost)  
  33  2:53  Probe (Chrono Boost)  
  34  3:06  Gateway  
  34  3:07  Gateway  
  34  3:10  Gateway  
  34  3:18  Warp Prism (Chrono Boost)  
  36  3:23  Adept  
  36  3:27  Probe x2  
  40  3:38  Pylon  
  38  3:45  Probe  
  38  3:46  Probe  
  40  3:57  Probe (Chrono Boost)  
  41  4:04  Probe (Chrono Boost)  
  41  4:09  Probe (Chrono Boost)  
  43  4:10  Adept x3  
  43  4:13  Pylon  
  43  4:16  Pylon  
  49  4:31  Pylon  
  49  4:35  Adept x4  
  57  4:43  Warp Prism  
  57  4:59  Adept x4  
  63  5:15  Probe (Chrono Boost)  
  63  5:17  Twilight Council  
  58  5:22  Probe (Chrono Boost)  
  58  5:23  Immortal  
  59  5:34  Adept x4  
  63  5:38  Probe (Chrono Boost)  
  63  5:41  Probe (Chrono Boost)  
  65  5:46  Forge  
  65  5:48  Forge  
  65  5:49  Probe (Chrono Boost)  
  64  5:50  Probe (Chrono Boost)  
  64  5:55  Resonating Glaives (Chrono Boost)  
  65  5:58  Adept x4  
  65  6:00  Probe  
  74  6:05  Immortal  
  78  6:17  Mothership Core, Assimilator  
  78  6:18  Assimilator  
  78  6:35  Pylon  
  78  6:38  Pylon  
  76  6:40  Pylon  
  76  6:42  Protoss Ground Weapons Level 1 (Chrono Boost), Protoss Ground Armor Level 1 (Chrono Boost)  
  76  6:53  Immortal  
  80  6:59  Dark Shrine  
  78  7:09  Pylon  
  78  7:13  Nexus  
  78  7:17  Assimilator  
  78  7:20  Pylon  
  78  7:21  Assimilator  
  78  7:25  Pylon  
  78  7:26  Gateway  
  78  7:29  Gateway  
  66  7:38  Probe  
  66  7:39  Probe  
  68  7:50  Probe  
  68  7:51  Probe  
  70  7:54  Pylon  
  70  8:02  Probe  
  70  8:03  Probe  
  72  8:10  Observer  
  73  8:14  Probe  
  73  8:15  Probe  
  75  8:20  Dark Templar  
  75  8:21  Dark Templar x3  
  75  8:24  Probe  
  75  8:26  Probe  
  85  8:27  Probe, Pylon  
  85  8:29  Protoss Ground Armor Level 2 (Chrono Boost), Protoss Ground Weapons Level 2 (Chrono Boost)  
  85  8:31  Pylon  
  86  8:35  Probe  
  86  8:38  Probe  
  86  8:39  Probe  
  89  8:42  Immortal  
  89  8:45  Probe  
  94  8:50  Probe  
  94  8:51  Probe  
  96  8:58  Probe  
  91  9:08  Probe  
  91  9:09  Probe  
  88  9:12  Probe  
  88  9:15  Adept x6  
  98  9:20  Probe x2  
  97  9:28  Blink  
  91  9:43  Adept x6  
  95  9:50  Observer  
  96  9:53  Gateway  
  96  9:55  Gateway, Pylon  
  96  10:00  Gateway  
  96  10:04  Sentry, Adept x5  
  108  10:16  Protoss Ground Weapons Level 3 (Chrono Boost)  
  108  10:22  Observer  
  108  10:28  Protoss Ground Armor Level 3 (Chrono Boost)  
  108  10:32  Pylon  
  108  10:37  Adept x2  
  108  10:38  Adept x4  
  120  10:43  Gateway x2  
  120  10:45  Gateway  
  120  10:47  Immortal (Chrono Boost)  
  124  10:54  Pylon  
  124  11:01  Stalker x2  
  124  11:02  Stalker x3  
  133  11:04  Stalker  
  133  11:05  Stalker  
  136  11:15  Stalker x2  
  140  11:22  Nexus  
  144  11:26  Adept x2  
  144  11:27  Adept x3  
  154  11:32  Stalker  
  154  11:37  Observer (Chrono Boost)  
  154  11:39  Stalker  
  155  11:53  Adept x8  
  169  11:55  Observer (Chrono Boost)  
  170  12:05  Adept x4  
  168  12:17  Adept x4  
  174  12:26  Pylon  
  174  12:28  Pylon  
  168  12:35  Pylon  
  162  12:39  Stalker x2  
  162  12:43  Stalker  
  162  12:44  Stalker  
  154  13:13  Dark Templar x6  
  154  13:19  Archon x2  
  166  13:21  Adept  
  166  13:22  Adept  
  170  13:27  Stalker  
  172  13:36  Stalker x3  
  163  13:51  Stalker x4  
  135  14:06  Stalker x2  
  137  14:14  Stalker  
  137  14:15  Stalker  
  139  14:19  Assimilator x2  
  139  14:28  Archon  
  131  14:38  Adept  
  131  14:39  Adept x7  

Tags
 
Add a new tag
Caveats
  • Supply blocks, unpowered buildings, or Contaminate may cause inaccurate times.
  • Supply counts are checked every 10 seconds.